AoeStats
← kyrk i byx@bandit

Nomad

506487384Analyzed
2v2 RM · 18d ago on Sep 13, 2026· 37m 2s· 4 players
Game mode
Random Map
Map size
176×176
Population
200
Speed
Normal
Resources
Standard
Victory
Conquest
Starting age
Dark Age
Ending age
Imperial Age
RankedLock teamsTeams togetherTeam positionsShared explorationLock speedFull tech treeHidden civsTurbo modeCheats
Victory
Defeat
🇺🇸 Japanese · United States
558
+16
🇺🇸 Vietnamese · United States
552
+17
🇸🇪 Khitans · Sweden
576
-17
🇸🇪 Khmer · Sweden
552
-16
CommittedTwo_1
6:42 Loom
20:53 Feudal Age
29:41 Castle Age
28:10 Horse Collar
34:11 Gold Mining
34:39 Double-Bit Axe
37:23 Bow Saw
37:20 Heavy Plow
Quintus
4:05 Loom
17:23 Feudal Age
17:48 Horse Collar
18:01 Gold Mining
18:04 Stone Mining
18:51 Wheelbarrow
18:04 Town Watch
18:44 Man-at-Arms
20:08 Double-Bit Axe
25:18 Arson
30:48 Castle Age
29:50 Fletching
30:00 Padded Archer Armor
30:11 Forging
30:10 Scale Mail Armor
31:20 Scale Barding Armor
31:09 Crossbowman
31:50 Bodkin Arrow
32:48 Hand Cart
32:45 Bow Saw
32:39 Heavy Plow
32:56 Fishing Lines
33:24 Gillnets
34:30 Town Patrol
34:20 Pikeman
36:03 Long Swordsman
36:50 Thumb Ring
37:05 Leather Archer Armor
36:57 Bodkin Arrow
GOATIS342@bandit
15:31 Feudal Age
19:51 Double-Bit Axe
22:38 Castle Age
33:38 Bow Saw
33:13 Domestication
kyrk i byx@bandit
5:15 Loom
12:47 Feudal Age
26:39 Horse Collar
28:41 Double-Bit Axe
32:19 Wheelbarrow
31:47 Stone Mining
31:48 Gold Mining
35:48 Castle Age
Connection lost

Rejoining the realm…

Still unreachable

The connection could not be restored.

Session expired

The server has moved on; the page needs a fresh start.